 Dungeon Crawl Stone Soup version 0.31-a0-365-gcf821cafb2 (webtiles) character file.

Game seed: 15015956326471032010

1547 cforsyth the Charlatan (level 8, -3/61 HPs)
             Began as a Gnoll Artificer on July 27, 2023.
             Slain by a wraith (9 damage)
             ... in an ossuary on July 28, 2023.
             The game lasted 00:16:20 (7416 turns).

cforsyth the Charlatan (Gnoll Artificer)            Turns: 7416, Time: 00:16:20

Health: -3/61      AC:  6    Str: 11    XL:     8   Next: 87%
Magic:  13/13      EV: 13    Int: 13    God:
Gold:   185        SH:  0    Dex: 13    Spells: 14/14 levels left

rFire   . . .        f - +0 short sword (drain)
rCold   . . .        (no shield)
rNeg    . . .        b - +0 leather armour
rPois   .            (no helmet)
rElec   .            (no cloak)
rCorr   .            (no gloves)
SInv    .            s - +1 pair of boots
Will    .....        (no amulet)
Stlth   ++           (no ring)
HPRegen 0.30/turn    (no ring)
MPRegen 0.13/turn

%: no passive effects
@: mighty, brilliant, hasted and slowed, studying Throwing
A: fangs 1, strong nose, distributed training
a: no special abilities


You were in an ossuary.
You visited 1 branch of the dungeon, and saw 6 of its levels.
You also visited: Sewer and Ossuary.

You collected 413 gold pieces.
You spent 228 gold pieces at shops.

Inventory:

Hand Weapons
 a - a +0 club
 f - a +0 short sword of draining (weapon)
 h - a +3 dire flail of holy wrath
 l - a +1 rapier of holy wrath
Armour
 b - a +0 leather armour (worn)
 s - a +1 pair of boots (worn)
 y - the +2 helmet "Zisoc" {Harm Str-5 Int+6}
   (You bought it in a shop on level 3 of the Dungeon)

   Str:       It affects your strength (-5).
   Int:       It affects your intelligence (+6).
   Harm:      It increases damage dealt and taken.
Jewellery
 o - a ring of wizardry
 r - an amulet of reflection
 x - an amulet of the acrobat
Wands
 d - a wand of charming (10)
 e - a wand of iceblast (16)
 C - a wand of flame (15)
Scrolls
 j - a scroll of vulnerability {unknown}
 k - a scroll of teleportation
 m - a scroll of torment
 q - a scroll of fear {unknown}
 t - a scroll of summoning {unknown}
 z - 3 scrolls of noise {unknown}
 A - 2 scrolls of poison {unknown}
 B - a scroll of identify
Potions
 g - a potion of resistance
 i - 2 potions of mutation
 n - a potion of might
 u - 3 potions of cancellation
 w - 5 potions of curing


   Skills:
 + Level 4.5 Fighting
 + Level 3.7 Short Blades
 + Level 3.7 Long Blades
 + Level 3.7 Axes
 + Level 3.7 Maces & Flails
 + Level 3.7 Polearms
 + Level 3.7 Staves
 + Level 3.7 Ranged Weapons
 + Level 4.0 Throwing
 + Level 6.0 Armour
 + Level 4.5 Dodging
 + Level 4.4 Stealth
 + Level 3.7 Shields
 + Level 3.7 Unarmed Combat
 + Level 3.7 Spellcasting
 + Level 3.0 Conjurations
 + Level 3.0 Hexes
 + Level 3.0 Summonings
 + Level 3.0 Necromancy
 + Level 3.0 Translocations
 + Level 3.0 Transmutations
 + Level 3.0 Fire Magic
 + Level 3.0 Ice Magic
 + Level 3.0 Air Magic
 + Level 3.0 Earth Magic
 + Level 3.0 Poison Magic
 + Level 4.1 Invocations
 + Level 7.6 Evocations
 + Level 3.0 Shapeshifting


You had 14 spell levels left.
You didn't know any spells.
Your spell library contained the following spells:

 Spells                   Type           Power      Damage    Failure   Level
 Ensorcelled Hibernation  Hex/Ice        30%        N/A       12%         2
 Anguish                  Hex/Necr       7%         N/A       58%         4


Dungeon Overview and Level Annotations

Branches:
Dungeon (6/15)             Temple (0/1) D:6           Sewer (visited)
Ossuary (1/1)

Altars:

Shops:
D:3 *![[=


Innate Abilities, Weirdness & Mutations

You have very sharp teeth.
Your uncanny sense of smell can sniff out nearby items.
Your experience applies equally to all skills.


Message History

The wraith is heavily damaged.
The wraith hits you! The wraith drains your vigour!
You feel as though you will be slow longer.
You puncture the wraith! You bite the wraith.
The wraith is almost destroyed.
The wraith hits you but does no damage.
You closely miss the wraith.
The wraith is almost destroyed.
The wraith hits you. The wraith drains your vigour!
You feel as though you will be slow longer.
You hit the wraith but do no damage.
The wraith is almost destroyed.
You completely miss the wraith.
The wraith is almost destroyed.
The wraith barely misses you.
You closely miss the wraith. Your bite misses the wraith.
The wraith is almost destroyed.
The wraith hits you.
You hit the wraith.
The wraith is almost destroyed.
The wraith hits you!
* * * LOW HITPOINT WARNING * * *
The wraith drains your vigour!
You feel as though you will be slow longer.
You hit the wraith.
The wraith is almost destroyed.
The wraith hits you!
* * * LOW HITPOINT WARNING * * *
You hit the wraith. You bite the wraith, but do no damage.
The wraith is almost destroyed.
You closely miss the wraith.
The wraith is almost destroyed.
The wraith hits you.
* * * LOW HITPOINT WARNING * * *
The wraith drains your vigour!
You feel as though you will be slow longer.
You closely miss the wraith. Your bite misses the wraith.
The wraith is almost destroyed.
The wraith hits you!
You die...

.###.....###.#
#.....#z#.#
#.###.....###.#
#.............#
#.............#
#.###.###.###.#
# #.#z#.#.#.#
+##.###.##W.#
...........@#
#############


You could see a wraith.

Vanquished Creatures
  Sigmund (D:3)
  A yak (D:5)
  Duvessa (D:6)
  A centaur (D:5)
  A phantom (D:4)
  Blork the orc (D:5)
  A bullfrog (D:6)
  2 scorpions (D:5)
  3 jellies
  3 hounds
  An orc priest (D:5)
  2 sleepcaps (D:5)
  9 gnolls
  10 adders
  2 river rats
  4 ufetubi
  6 worms
  4 dart slugs
  10 orcs
  5 ball pythons
  8 bats
  18 endoplasms
  6 giant cockroaches
  6 goblins
  6 hobgoblins
  3 jackals (D:1)
  4 quokkas
  3 ball python skeletons (Ossuary)
  9 frilled lizards
  3 hobgoblin skeletons (Ossuary)
  6 kobolds
  3 kobold zombies (Ossuary)
  An orc skeleton (Ossuary)
  11 rats
155 creatures vanquished.

Vanquished Creatures (collateral kills)
  A phantom (D:6)
  2 gnolls (D:6)
  2 orcs (D:6)
5 creatures vanquished.

Vanquished Creatures (others)
  An ogre (D:6)
  Dowan (D:6)
  A sleepcap (D:6)
  An adder (D:4)
4 creatures vanquished.

Grand Total: 164 creatures vanquished

Notes
Turn   | Place    | Note
-------+----------+-------------------------------------------
     0 | D:1      | cforsyth the Gnoll Artificer began the quest for the Orb.
     0 | D:1      | Reached XP level 1. HP: 17/17 MP: 1/1
   163 | D:1      | Reached XP level 2. HP: 22/23 MP: 2/2
   397 | D:1      | Reached XP level 3. HP: 28/28 MP: 3/3
   999 | D:2      | Reached skill level 1 in Invocations
  1212 | D:2      | Reached skill level 1 in Short Blades
  1212 | D:2      | Reached skill level 1 in Long Blades
  1212 | D:2      | Reached skill level 1 in Axes
  1212 | D:2      | Reached skill level 1 in Maces & Flails
  1212 | D:2      | Reached skill level 1 in Polearms
  1212 | D:2      | Reached skill level 1 in Staves
  1212 | D:2      | Reached skill level 1 in Ranged Weapons
  1212 | D:2      | Reached skill level 1 in Throwing
  1212 | D:2      | Reached skill level 1 in Shields
  1212 | D:2      | Reached skill level 1 in Unarmed Combat
  1212 | D:2      | Reached skill level 1 in Spellcasting
  1416 | D:2      | Reached XP level 4. HP: 29/34 MP: 5/5
  2368 | D:3      | Found Veaboz's Jewellery Shoppe.
  2653 | D:3      | Found Qeth's Assorted Antiques.
  2661 | D:3      | Noticed Sigmund
  2665 | D:3      | Reached skill level 1 in Conjurations
  2665 | D:3      | Reached skill level 1 in Hexes
  2665 | D:3      | Reached skill level 1 in Summonings
  2665 | D:3      | Reached skill level 1 in Necromancy
  2665 | D:3      | Reached skill level 1 in Translocations
  2665 | D:3      | Reached skill level 1 in Transmutations
  2665 | D:3      | Reached skill level 1 in Fire Magic
  2665 | D:3      | Reached skill level 1 in Ice Magic
  2665 | D:3      | Reached skill level 1 in Air Magic
  2665 | D:3      | Reached skill level 1 in Earth Magic
  2665 | D:3      | Reached skill level 1 in Poison Magic
  2665 | D:3      | Reached skill level 1 in Shapeshifting
  2791 | D:3      | Killed Sigmund
  2792 | D:3      | Reached XP level 5. HP: 38/41 MP: 5/7
  2792 | D:3      | Reached XP level 6. HP: 43/47 MP: 5/8
  2804 | D:2      | Reached skill level 5 in Armour
  2895 | D:3      | Found Vietran's Distillery.
  2931 | D:3      | Found Zikaif's Antique Armour Shop.
  3085 | D:3      | Found Xyfyss's Antique Armour Shoppe.
  3937 | D:3      | Reached XP level 7. HP: 32/52 MP: 10/10
  3978 | D:3      | Bought a twisted helmet for 228 gold pieces
  3978 | D:3      | Identified the +2 helmet "Zisoc" {Harm Str-5 Int+6} (You
                  | bought it in a shop on level 3 of the Dungeon)
  4138 | D:4      | Reached skill level 7 in Evocations
  4733 | D:5      | Entered Level 5 of the Dungeon
  4787 | D:5      | Noticed Blork the orc
  4791 | D:5      | Killed Blork the orc
  4861 | D:5      | Found a glowing drain.
  4964 | Sewer    | Entered a sewer
  5219 | Sewer    | Found a viscous altar of Jiyva.
  5611 | D:5      | Reached XP level 8. HP: 46/60 MP: 12/12
  6294 | D:5      | Noticed a yak
  6312 | D:5      | Killed a yak
  7007 | D:6      | Found a staircase to the Ecumenical Temple.
  7019 | D:6      | Noticed Duvessa
  7021 | D:6      | Noticed Dowan
  7033 | D:6      | Your ally Dowan died
  7034 | D:6      | Killed Duvessa
  7087 | D:6      | Found a sand-covered staircase.
  7094 | Ossuary  | Entered an ossuary
  7321 | Ossuary  | Noticed a wraith
  7321 | Ossuary  | Noticed a flying skull
  7328 | Ossuary  | Noticed a flying skull
  7360 | Ossuary  | Noticed a flying skull
  7366 | Ossuary  | Noticed a wraith
  7416 | Ossuary  | Slain by a wraith

Illustrated notes

Levels and vault maps discovered:
D:1:      ebering_trefoil_twist, layout_basic
D:2:      layout_loops_cross
D:3:      layout_loops_ring, serial_shops, nicolae_shop_trees,
          nicolae_shop_tiny_glass, nicolae_shop_peninsula, shop,
          nicolae_shop_peninsula, uniq_sigmund
D:4:      layout_basic
D:5:      layout_loops_ring, gup_sewer_entry_bubbles, minmay_gold_behind_fungi,
          minmay_manual_maat, uniq_blork_the_orc
D:6:      layout_rooms, minmay_temple_entry_large_hall,
          chequers_ossuary_entry_cave, minmay_misc_feat_tower,
          grunt_ministairs_8, uniq_duvessa
Ossuary:  ossuary_due_cavern

Skill      XL: |  1  2  3  4  5  6  7  8 |
---------------+-------------------------+-----
Invocations    | 1 2 3 4 |  4.1
Short Blades   | 1 2 3 |  3.7
Long Blades    | 1 2 3 |  3.7
Axes           | 1 2 3 |  3.7
Maces & Flails | 1 2 3 |  3.7
Polearms       | 1 2 3 |  3.7
Staves         | 1 2 3 |  3.7
Ranged Weapons | 1 2 3 |  3.7
Throwing       | 1 2 4 |  4.0
Shields        | 1 2 3 |  3.7
Unarmed Combat | 1 2 3 |  3.7
Spellcasting   | 1 2 3 |  3.7
Conjurations   | 1 2 3 |  3.0
Hexes          | 1 2 3 |  3.0
Summonings     | 1 2 3 |  3.0
Necromancy     | 1 2 3 |  3.0
Translocations | 1 2 3 |  3.0
Transmutations | 1 2 3 |  3.0
Fire Magic     | 1 2 3 |  3.0
Ice Magic      | 1 2 3 |  3.0
Air Magic      | 1 2 3 |  3.0
Earth Magic    | 1 2 3 |  3.0
Poison Magic   | 1 2 3 |  3.0
Shapeshifting  | 1 2 3 |  3.0
Fighting       | 3 4 |  4.5
Dodging        | 3 4 |  4.5
Stealth        | 3 4 |  4.4
Armour         | 5 6 |  6.0
Evocations     | 7 |  7.6

Action                     |  1- 3 |  4- 6 |  7- 9 || total
---------------------------+-------+-------+-------++-------
  Melee: Club              |    63 |    36 |       ||    99
         Short sword       |    85 |   136 |   412 ||   633
         Punch             |     4 |     4 |    13 ||    21
         Bite              |    10 |    17 |    57 ||    84
         Dire flail        |       |       |    49 ||    49
  Evoke: Wand              |       |     5 |    28 ||    33
    Use: Scroll            |       |       |    11 ||    11
         Potion            |       |       |     8 ||     8
   Stab: Sleeping          |     4 |     6 |     7 ||    17
         Distracted        |       |       |     1 ||     1
 Armour: Leather armour    |    43 |    32 |   152 ||   227
         Skin              |       |       |    16 ||    16
  Dodge: Dodged            |   117 |   109 |   323 ||   549

Table legend: (Time is in decaauts)
 A = Elapsed time spent in this place.
 B = Non-inter-level travel time spent in this place.
 C = Inter-level travel time spent in this place.
 D = Time resting spent in this place.
 E = Time spent auto-exploring this place.
 F = Levels seen in this place.
 G = Mean time per level.
                   A        B        C        D        E       F      G
               +--------+--------+--------+--------+--------+-----+--------+
         Total |   7446 |   7198 |    248 |    229 |   5224 |   8 |  930.8 |
       Dungeon |   6607 |   6359 |    248 |    229 |   4653 |   6 | 1101.2 |
         Sewer |    515 |    515 |      0 |      0 |    354 |   1 |  515.0 |
       Ossuary |    323 |    323 |      0 |      0 |    217 |   1 |  323.0 |
               +--------+--------+--------+--------+--------+-----+--------+

Top non-repeatable levels by time:
     D:2: 1517 daAuts
     D:5: 1461 daAuts
     D:3: 1208 daAuts
     D:4: 1133 daAuts
     D:1: 926 daAuts
   Sewer: 515 daAuts
     D:6: 360 daAuts
 Ossuary: 323 daAuts
